 Dungeon Crawl Stone Soup version 0.30-a0-1160-g6e42c06551 (webtiles) character file.

Game seed: 12671168163859649619

122974 holysushi the Acrobat (level 17, -10/144 HPs)
             Began as a Meteoran Monk on Apr 27, 2023.
             Was the Champion of Okawaru.
             Killed from afar by a shock serpent (26 damage)
             ... with a bolt of electricity
             ... on level 1 of the Snake Pit.
             The game lasted 00:48:02 (7991 turns).

holysushi the Acrobat (Meteoran Monk)               Turns: 7991, Time: 00:48:02

Health: -10/144    AC: 13    Str: 15    XL:     17   Next: 65%
Magic:  25/25      EV: 41    Int: 13    God:    Okawaru [******]
Gold:   1935       SH: 27    Dex: 36    Spells: 16/16 levels left

rFire   + . .        b - +8 double sword (holy)
rCold   . . .        K - +0 tower shield
rNeg    . . .        j - +2 leather armour {rC+}
rPois   +            V - +0 helmet "Byin" {Dex+2}
rElec   .            n - scarf of Mutualism {repulsion, Harm rPois}
rCorr   .            z - +1 pair of gloves {Dex+3}
SInv    .            q - +0 pair of boots {Fly}
Will    ++...        w - amulet of reflection
Stlth   ++           x - +4 ring of protection
HPRegen 0.44/turn    H - ring of Ocirutt {Fire Str+2 Dex+7}
MPRegen 0.19/turn

%: harm (+30% outgoing, +20% incoming), repel missiles, reflection
@: flying, glowing, studying Ice Magic
A: sense surroundings 2, otherworldly, glowing, explore regen
}: 1/15 runes: decaying
a: Renounce Religion, Heroism, Finesse, Duel


You were on level 1 of the Snake Pit.
You worshipped Okawaru.
Okawaru was exalted by your worship.
You visited 5 branches of the dungeon, and saw 22 of its levels.
You also visited: Bailey and Ice Cave.

You collected 1935 gold pieces.

Inventory:

Hand Weapons
 a - the +12 falchion of the Candelabrum {heavy, SInv}
   (You found it on level 5 of the Dungeon)

   SInv:      It lets you see invisible.
 b - a +8 double sword of holy wrath (weapon)
 c - a +6 demon blade of freezing
 d - a +1 longbow of flaming
Missiles
 N - 3 javelins (quivered)
 Z - 4 throwing nets
Armour
 f - a +2 pair of gloves of infusion
 j - a +2 leather armour of cold resistance (worn)
 n - the scarf of Mutualism (worn) {repulsion, Harm rPois}
   (Okawaru gifted it to you on level 2 of the Swamp)

   rPois:     It protects you from poison.
   Harm:      It increases damage dealt and taken.
 q - a +0 pair of boots of flying (worn)
 z - a +1 pair of gloves of dexterity (worn)
 B - a scarf of resistance
 K - a +0 tower shield (worn)
 L - an orb of wrath
 P - a +1 buckler
 V - the +0 helmet "Byin" (worn) {Dex+2}
   (You acquired it on level 5 of the Lair of Beasts)

   Dex:       It affects your dexterity (+2).
Jewellery
 o - a +6 ring of intelligence
 u - an amulet of regeneration
 w - an amulet of reflection (around neck)
 x - a +4 ring of protection (left hand)
 y - a ring of protection from fire
 A - an amulet of faith
 H - the ring of Ocirutt (right hand) {Fire Str+2 Dex+7}
   (You acquired it in a bailey)

   [ring of fire]

   It enhances your fire magic.
   Str:       It affects your strength (+2).
   Dex:       It affects your dexterity (+7).
   rF:        It protects you from fire.
   rC:        It makes you vulnerable to cold.
 U - a ring of protection from fire
Wands
 g - a wand of light (6)
 O - a wand of mindburst (12)
 Q - a wand of polymorph (12)
 S - a wand of flame (19)
 T - a wand of roots (10)
Scrolls
 m - 2 scrolls of blinking
 p - a scroll of fog
 t - 3 scrolls of vulnerability
 C - a scroll of fear
 D - 11 scrolls of teleportation
 E - 2 scrolls of magic mapping
 W - a scroll of amnesia
Potions
 e - 2 potions of might
 i - 2 potions of haste
 k - 2 potions of brilliance
 l - 3 potions of curing
 r - 4 potions of heal wounds
 s - 3 potions of mutation
 v - 2 potions of lignification
 F - 2 potions of ambrosia
 G - 2 potions of resistance
 I - a potion of attraction
 Y - a potion of flight
Miscellaneous
 h - a phantom mirror
 J - a phial of floods
 R - a tin of tremorstones (2/2)
 X - a box of beasts


   Skills:
 + Level 11.2 Fighting
 - Level 16.0 Long Blades
 - Level 24.2 Dodging
 - Level 4.1 Stealth
 + Level 9.0 Shields
 - Level 10.0 Invocations
 - Level 5.0 Evocations


You had 16 spell levels left.
You didn't know any spells.
Your spell library contained the following spells:

 Spells                   Type           Power      Damage    Failure   Level
 Blink                    Tloc           0%         N/A       99%         2
 Cigotuvi's Dreadful Rot  Necr/Pois/Air  0%         N/A       99%         2
 Ensorcelled Hibernation  Hex/Ice        0%         N/A       99%         2
 Lesser Beckoning         Tloc           0%         N/A       99%         2
 Momentum Strike          Conj/Tloc      0%         3d8       99%         2
 Searing Ray              Conj           0%         2d4       99%         2
 Ignite Poison            Fire/Tmut/Pois 0%         N/A       100%        3
 Spider Form              Tmut/Pois      0%         N/A       100%        3
 Anguish                  Hex/Necr       0%         N/A       100%        4
 Freezing Cloud           Conj/Ice/Air   0%         6-21      100%        5
 Call Imp                 Summ           Unusable   N/A       N/A         2

Dungeon Overview and Level Annotations

Branches:
Dungeon (10/15) Zot: 2738  Temple (1/1) D:4 Zot: 598    Lair (5/5) D:8 Zot: 873
  Swamp (4/4) Lair:3 Zot: 998   Snake (2/4) Lair:3 Zot: 617   Slime (0/5) Lair:5
 Bailey (visited)           IceCv (visited)
    Orc: D:9-12

Altars:
Ashenzari
Dithmenos
Gozag
Makhleb
Nemelex Xobeh
Okawaru
Qazlal
Ru
Trog
Uskayaw
Vehumet
Yredelemnul
Jiyva

Annotations:
D:10 1 exclusion


Innate Abilities, Weirdness & Mutations

You passively map the area around you.
You are easily found by Zot.
You glow in the dark.
You regain HP and MP as you explore.


Message History

You slice the shock serpent!!
The shock serpent is severely wounded.
The shock serpent's electric aura discharges, shocking you!
The water moccasin completely misses you.
You slice the shock serpent!!
You kill the shock serpent!
Okawaru accepts your kill.
The air sparks with electricity, shocking you!
You block the sea snake's attack. The shock serpent bites you!
The shock serpent shocks you!
Your Shields skill increases to level 9!
You closely miss the shock serpent. You block the shock serpent's attack.
You block the water moccasin's attack. The sea snake completely misses you.
The shock serpent bites you. The shock serpent shocks you!
You slice the mana viper!!
The mana viper is almost dead.
You hear an angry hiss. x2
The shock serpent barely misses you. You block the sea snake's attack.
You block the shock serpent's attack.
The shock serpent completely misses you.
The mana viper bites you but does no damage.
The sea snake attacks as you move away! You block the sea snake's attack.
You block the shock serpent's attack.
The shock serpent completely misses you.
The shock serpent shoots out a bolt of lightning at you!
The bolt of electricity hits you!
The shock serpent attacks as you move away!
You block the shock serpent's attack.
The shock serpent shoots out a bolt of lightning at you!
The bolt of electricity hits the shock serpent.
The shock serpent completely resists.
The bolt of electricity hits you! You block the shock serpent's attack.
There is a stone staircase leading down here.
You block the shock serpent's attack. The sea snake bites you!
* * * LOW HITPOINT WARNING * * *
The shock serpent shoots out a bolt of lightning at you!
The bolt of electricity hits you!
* * * LOW HITPOINT WARNING * * *
The bolt of electricity hits you!!
You die...

*....*
##..#....
*#...#*
##.#....
#....##
###....
#....#
##......
*#...##
#.......
#..S.#
#..###...
#.S.#
###* #.##


#SSS# , #.## #.@S# , #. #...#,, * ##* ##### ,, * **, , ,* , , * , , * # * , , #.
, ####.## * , , , #..##.## You could see a sea snake, 2 shock serpents, a mana
viper and 2 water moccasins.

Vanquished Creatures
  the Lernaean hydra (Swamp:4)
  A lich (IceCv)
  A fenstrider witch (Swamp:2)
  An orc warlord (Bailey)
  4 eleionomae
  A dire elephant (Lair:5)
  5 bunyips
  A shambling mangrove (Swamp:1)
  A ghost crab (Swamp:4)
  2 salamander tyrants (Snake:2)
  A catoblepas (Lair:5)
  11 hydras
  Erica (D:8)
  2 anacondas
  A naga warrior (Snake:1)
  A deep troll shaman (Lair:5)
  3 alligators
  6 death yaks (Lair:5)
  2 naga sharpshooters
  2 shock serpents
  Amaemon (Lair:2)
  A skyshark (Lair:5)
  4 goliath frogs
  2 death drakes (Swamp:4)
  2 spriggan druids
  2 naga ritualists
  7 bog bodies
  11 swamp dragons (Swamp:4)
  An obsidian statue (IceCv)
  A lindwurm (Lair:4)
  4 spriggan simulacra (IceCv)
  A necromancer (IceCv)
  An orc knight (Bailey)
  Pikel (D:8)
  3 mana vipers (Snake:2)
  A will-o-the-wisp (Swamp:4)
  16 black mambas
  6 salamanders
  A naga mage (Snake:2)
  A guardian serpent (Snake:1)
  An orange demon (Lair:2)
  6 cane toads
  An ice devil (IceCv)
  2 rime drakes
  17 freezing wraiths (IceCv)
  3 anaconda simulacra (IceCv)
  11 komodo dragons
  A golden dragon simulacrum (IceCv)
  A troll (D:10)
  2 polar bears
  8 hornets
  7 tyrant leeches
  17 blink frogs
  A dire elephant simulacrum (IceCv)
  5 spriggans
  3 wyverns
  28 yaks
  7 vampire mosquitoes
  A steam dragon (D:4)
  3 basilisks
  A minotaur simulacrum (IceCv)
  Menkaure (D:7)
  11 nagas
  8 swamp worms
  Edmund (D:4)
  7 harpy simulacra (IceCv)
  Duvessa (D:7)
  2 hydra simulacra (IceCv)
  12 water moccasins
  7 swamp drakes
  5 orc warriors
  3 ice beasts
  An ettin simulacrum (IceCv)
  6 black bears
  3 ogres
  14 wolves
  2 alligator simulacra (IceCv)
  3 lemures (D:8)
  A phantom (D:5)
  A kobold brigand (D:8)
  2 scorpions
  10 bullfrogs
  10 wights
  Dowan (D:7)
  11 killer bees
  4 lindwurm simulacra (IceCv)
  An electric eel (Lair:2)
  A howler monkey (D:8)
  4 hounds
  8 orc priests
  15 jellies
  A sleepcap (D:5)
  2 iguanas
  7 orc wizards
  6 hell rats (Lair:2)
  A gnoll (Bailey)
  5 adders
  A shadow imp (D:7)
  3 white imps
  An ufetubus (D:4)
  A worm (D:1)
  A dart slug (D:4)
  22 orcs
  8 endoplasms
  7 giant cockroaches
  7 hobgoblins
  7 kobolds
  3 quokkas
  9 ball pythons
  3 bats
  2 frilled lizards
  5 goblins
  5 rats
504 creatures vanquished.

Vanquished Creatures (others)
  2 bloated husks
  A vampire mosquito (Swamp:2)
  2 swamp worms (Swamp:2)
  An orc (D:8)
  6 foxfires (Swamp:4)
  20 fungi
  57 plants
89 creatures vanquished.

Grand Total: 593 creatures vanquished

Notes
Turn   | Place    | Note
-------+----------+-------------------------------------------
     0 | D:1      | holysushi the Meteoran Monk began the quest for the Orb.
     0 | D:1      | Reached XP level 1. HP: 19/19 MP: 2/2
   114 | D:1      | Reached XP level 2. HP: 26/26 MP: 3/3
   300 | D:1      | Reached XP level 3. HP: 13/31 MP: 4/4
   721 | D:3      | Reached skill level 4 in Dodging
   721 | D:3      | Reached XP level 4. HP: 38/38 MP: 5/5
   729 | D:3      | Identified a scroll of acquirement
   729 | D:3      | Acquired 1089 gold pieces
   774 | D:3      | Acquired a +2 pair of gloves of infusion
   930 | D:4      | Found an opulent altar of Gozag.
   936 | D:4      | Noticed a steam dragon
  1059 | D:3      | Reached skill level 5 in Dodging
  1125 | D:4      | Reached XP level 5. HP: 42/45 MP: 3/6
  1138 | D:4      | Found an iron altar of Okawaru.
  1144 | D:4      | Became a worshipper of Warmaster Okawaru
  1144 | D:4      | Reached * piety under Okawaru
  1144 | D:4      | Reached ** piety under Okawaru
  1174 | D:4      | Reached skill level 1 in Invocations
  1202 | D:4      | Killed a steam dragon
  1203 | D:4      | Reached XP level 6. HP: 45/53 MP: 0/9
  1204 | D:4      | Reached skill level 6 in Dodging
  1247 | D:4      | Found a staircase to the Ecumenical Temple.
  1256 | Temple   | Entered the Ecumenical Temple
  1264 | D:4      | Noticed an ogre
  1272 | D:4      | Killed an ogre
  1273 | D:4      | Reached XP level 7. HP: 60/60 MP: 1/10
  1318 | D:5      | Entered Level 5 of the Dungeon
  1331 | D:4      | Noticed Edmund
  1343 | D:4      | Killed Edmund
  1344 | D:4      | Reached skill level 5 in Fighting
  1344 | D:4      | Reached skill level 7 in Dodging
  1364 | D:4      | Found a hide-covered altar of Uskayaw.
  1364 | D:4      | Noticed a +0 dagger
  1364 | D:4      | Noticed a +0 spear
  1364 | D:4      | Noticed a +0 dagger
  1364 | D:4      | Noticed a +0 spear
  1365 | D:4      | Noticed a +0 falchion
  1365 | D:4      | Noticed a +0 short sword
  1368 | D:4      | Noticed a +0 short sword
  1379 | D:4      | Noticed a +0 falchion
  1504 | D:5      | Reached skill level 8 in Dodging
  1504 | D:5      | Reached XP level 8. HP: 56/68 MP: 4/11
  1538 | D:5      | Reached *** piety under Okawaru
  1572 | D:5      | Identified the +12 falchion of the Candelabrum {heavy,
                  | SInv}
  1587 | D:5      | Reached skill level 5 in Long Blades
  1615 | D:6      | Noticed a yak
  1616 | D:6      | Noticed a yak
  1622 | D:6      | Killed a yak
  1623 | D:6      | Reached skill level 9 in Dodging
  1624 | D:6      | Noticed a yak
  1625 | D:6      | Killed a yak
  1631 | D:6      | Killed a yak
  1632 | D:6      | Gained mutation: You passively map the area around you.
                  | [Meteoran growth]
  1632 | D:6      | Reached XP level 9. HP: 38/74 MP: 4/12
  1691 | D:5      | Reached skill level 10 in Dodging
  1887 | D:6      | Reached **** piety under Okawaru
  1972 | D:7      | Noticed Duvessa
  1973 | D:7      | Noticed Dowan
  1979 | D:7      | Reached skill level 11 in Dodging
  2002 | D:7      | Killed Duvessa
  2003 | D:7      | Killed Dowan
  2055 | D:7      | Found a sacrificial altar of Ru.
  2055 | D:7      | Found a stormy altar of Qazlal.
  2097 | D:7      | Found a basalt altar of Yredelemnul.
  2159 | D:7      | Noticed Menkaure
  2167 | D:7      | Killed Menkaure
  2167 | D:7      | Reached ***** piety under Okawaru
  2168 | D:7      | Reached XP level 10. HP: 80/81 MP: 8/13
  2241 | D:7      | Noticed a komodo dragon
  2248 | D:7      | Killed a komodo dragon
  2249 | D:7      | Reached skill level 10 in Long Blades
  2249 | D:7      | Reached skill level 12 in Dodging
  2262 | D:6      | Found a radiant altar of Vehumet.
  2486 | D:6      | Found a bloodstained altar of Trog.
  2623 | D:10     | Entered Level 10 of the Dungeon
  2797 | D:9      | Identified the +4 chain mail of Qippiles {Int+2} (Okawaru
                  | gifted it to you on level 9 of the Dungeon)
  2797 | D:9      | Received a gift from Okawaru
  2801 | D:9      | Reached skill level 13 in Dodging
  2851 | D:10     | Found a broken altar of Ashenzari.
  2873 | D:10     | Found a flagged portal.
  2897 | D:10     | Found a burning altar of Makhleb.
  2917 | Bailey   | Entered a bailey
  2923 | Bailey   | Noticed an orc warlord
  2957 | Bailey   | Noticed an orc knight
  2960 | Bailey   | Found a runed translucent gate.
  2960 | Bailey   | Found a runed translucent gate.
  2961 | Bailey   | Found a runed translucent gate.
  2965 | Bailey   | Killed an orc knight
  2966 | Bailey   | Reached XP level 11. HP: 55/86 MP: 14/14
  2985 | Bailey   | Acquired a +1 double sword of holy wrath
  3031 | Bailey   | Acquired the ring of Ocirutt {Fire Str+2 Dex+7}
  3086 | Bailey   | Killed an orc warlord
  3087 | Bailey   | Reached skill level 14 in Dodging
  3112 | Bailey   | Reached skill level 15 in Dodging
  3112 | Bailey   | Reached skill level 5 in Invocations
  3112 | Bailey   | Reached XP level 12. HP: 97/97 MP: 11/17
  3113 | Bailey   | Reached skill level 18 in Dodging
  3113 | Bailey   | Reached XP level 13. HP: 104/104 MP: 11/18
  3192 | D:8      | Noticed Erica
  3210 | D:8      | Killed Erica
  3281 | D:8      | Noticed Pikel
  3330 | D:8      | Killed Pikel
  3421 | D:8      | Found a staircase to the Lair.
  3450 | Lair:1   | Entered Level 1 of the Lair of Beasts
  3533 | Lair:1   | Reached skill level 19 in Dodging
  3587 | Lair:1   | Reached skill level 15 in Long Blades
  3661 | Lair:1   | Received a gift from Okawaru
  3923 | Lair:2   | Noticed Amaemon
  3947 | Lair:2   | Killed Amaemon
  3948 | Lair:2   | Reached skill level 1 in Shields
  4075 | Lair:3   | Reached XP level 14. HP: 111/111 MP: 19/19
  4098 | Lair:3   | Found a staircase to the Snake Pit.
  4173 | Lair:3   | Reached ****** piety under Okawaru
  4378 | Lair:4   | Received a gift from Okawaru
  4461 | Lair:5   | Entered Level 5 of the Lair of Beasts
  4501 | Lair:5   | Reached skill level 1 in Stealth
  4597 | Lair:5   | Reached skill level 1 in Evocations
  4725 | Lair:5   | Reached skill level 5 in Shields
  4846 | Lair:5   | Found a viscous altar of Jiyva.
  4847 | Lair:5   | Found a staircase to the Slime Pits.
  5035 | Lair:4   | Identified the +0 scale mail of the Ladybird {-Cast Str+2
                  | Stlth+} (Okawaru gifted it to you on level 4 of the Lair of
                  | Beasts)
  5035 | Lair:4   | Received a gift from Okawaru
  5256 | Lair:5   | Reached XP level 15. HP: 105/121 MP: 19/21
  5311 | Lair:5   | Acquired the +0 helmet "Byin" {Dex+2}
  5489 | Lair:3   | Found a staircase to the Swamp.
  5502 | Swamp:1  | Entered Level 1 of the Swamp
  5659 | Swamp:1  | Reached skill level 5 in Evocations
  5669 | Swamp:1  | Reached skill level 20 in Dodging
  5749 | Swamp:2  | Noticed a fenstrider witch
  5753 | Swamp:2  | Paralysed by a fenstrider witch for 4 turns
  5923 | Swamp:2  | Identified the scarf of Mutualism {repulsion, Harm rPois}
                  | (Okawaru gifted it to you on level 2 of the Swamp)
  5923 | Swamp:2  | Received a gift from Okawaru
  6056 | Swamp:2  | Got Spellweaving, and How To Use It
  6088 | Swamp:2  | Killed a fenstrider witch
  6256 | Swamp:3  | Reached skill level 10 in Invocations
  6279 | Swamp:4  | Entered Level 4 of the Swamp
  6297 | Swamp:4  | Reached skill level 10 in Fighting
  6302 | Swamp:4  | Reached XP level 16. HP: 117/134 MP: 24/24
  6310 | Swamp:4  | Found a frozen archway.
  6328 | IceCv    | Entered an ice cave
  6359 | IceCv    | Reached skill level 21 in Dodging
  6359 | IceCv    | HP: 5/134 [spriggan defender simulacrum (26)]
  6453 | IceCv    | Found an ancient bone altar of Kikubaaqudgha.
  6477 | IceCv    | Received a gift from Okawaru
  6626 | IceCv    | Noticed a lich
  6631 | IceCv    | Killed a lich
  6631 | IceCv    | Identified the scarf "Govviroc" {repulsion, Fly rF+ rC-
                  | Int+5} (Okawaru gifted it to you in an ice cave)
  6631 | IceCv    | Received a gift from Okawaru
  6632 | IceCv    | Reached skill level 22 in Dodging
  6893 | Swamp:4  | Noticed the 27-headed Lernaean hydra
  6908 | Swamp:4  | Killed the 22-headed Lernaean hydra
  6927 | Swamp:4  | Reached skill level 23 in Dodging
  7034 | Swamp:4  | Reached XP level 17. HP: 137/140 MP: 25/25
  7119 | Swamp:4  | Got a decaying rune of Zot
  7288 | Swamp:2  | Received a gift from Okawaru
  7397 | Snake:1  | Entered Level 1 of the Snake Pit
  7407 | Snake:1  | Reached skill level 24 in Dodging
  7919 | Snake:2  | Received a gift from Okawaru
  7991 | Snake:1  | Killed from afar by a shock serpent

Illustrated notes

Levels and vault maps discovered:
D:1:      eino_arrival_cavern_c, layout_rooms
D:2:      layout_loops_ring, shapermc_ecumenical_altar_notcrosses,
          corexii_item_surrounded_by_moat, nicolae_eternal_life
D:3:      layout_basic, ebering_dispersal_statue_hall
D:4:      layout_loops_ring, lemuel_tele_altar, okawaru_metal_pillars_3,
          nicolae_uskayaw_en_pointe, minmay_temple_entry_waves, minivault_4,
          minmay_strange_pillars, uniq_edmund
D:5:      layout_basic
D:6:      layout_loops_corners, mainiacjoe_overflow_concentric_impassable,
          vehumet_crystals
D:7:      layout_basic, lemuel_crystal_altar, amethyst_overflow_temple_binary,
          minmay_fractal_squares_diagonal_5, uniq_duvessa, uniq_menkaure
D:8:      layout_basic, minmay_lair_entry_grove, uniq_erica, uniq_pikel
D:9:      minmay_shrinking_squares, layout_cave_pools
D:10:     layout_irregular_city, ashenzari_conservatory_becter, bloody_makhleb,
          enter_bailey_2
Temple:   nicolae_temple_hex_pool
Lair:1:   layout_misc_corridors, hangedman_lair_unloving_vines,
          lemuel_fruit_tree
Lair:2:   layout_concentric_octagons, serial_bayou_lagoon_b, grunt_megastairs_5,
          uniq_amaemon
Lair:3:   layout_small_grid, swamp_mist, guppyfry_snake_entry_garden,
          beast_lair_carwin_3
Lair:4:   layout_roguey
Lair:5:   grunt_lair_end_beastmaster, layout_cave_pods,
          minmay_slime_entry_jelly_boxes, serial_bayou_pond_a
Swamp:1:  layout_falls_marsh, evilmike_swamp_ruin_house_5
Swamp:2:  layout_basic_swamp, nicolae_swamp_tree_designs
Swamp:3:  layout_basic_swamp, evilmike_swamp_ruin_house_1, swamp_pool1,
          nicolae_swamp_necromancy_gone_wrong
Swamp:4:  swamp_old_school, layout_basic_swamp, portal_ice_cave_entry_pillars_2
Snake:1:  nicolae_snake_attic_fulla_snakes, layout_chambers, special_room,
          grunt_ministairs_2
Snake:2:  layout_grid_shapes, grunt_megastairs_2

Skill      XL: |  1  2  3  4  5  6  7  8  9 10 11 12 13 14 15 16 17 |
---------------+----------------------------------------------------+-----
Long Blades    | 4 6 9 11 13 15 16 | 16.0
Dodging        | 4 5 6 8 9 11 13 15 18 19 20 23 24 | 24.2
Invocations    | 2 3 5 7 10 | 10.0
Fighting       | 4 5 6 8 10 11 | 11.2
Shields        | 2 6 7 9 |  9.0
Stealth        | 3 4 |  4.1
Evocations     | 4 5 |  5.0

Action                     |  1- 3 |  4- 6 |  7- 9 | 10-12 | 13-15 | 16-18 || total
---------------------------+-------+-------+-------+-------+-------+-------++-------
  Melee: Falchion          |    81 |    60 |   101 |   103 |   605 |     1 ||   951
         Scimitar          |       |       |       |       |    14 |    57 ||    71
         Double sword      |       |       |       |       |    81 |   321 ||   402
 Invoke: Heroism           |       |     2 |     1 |     1 |     4 |     4 ||    12
         Finesse           |       |       |       |     1 |       |     1 ||     2
    Use: Scroll            |     4 |     7 |     3 |    13 |    11 |     9 ||    47
         Potion            |       |       |       |     2 |     1 |     6 ||     9
   Stab: Petrified         |       |       |       |       |    18 |       ||    18
         Petrifying        |       |       |       |       |     3 |       ||     3
         Distracted        |       |       |       |       |       |     2 ||     2
         Sleeping          |       |       |       |       |       |     1 ||     1
 Armour: Robe              |    26 |    19 |     1 |       |       |       ||    46
         Leather armour    |       |       |    23 |    27 |    87 |    48 ||   185
  Dodge: Dodged            |    47 |    39 |    70 |   105 |   823 |   466 ||  1550
         Repelled          |       |       |       |       |     3 |     5 ||     8
  Block: Buckler           |       |       |       |       |   267 |   150 ||   417
         Tower shield      |       |       |       |       |       |   194 ||   194
         Reflection        |       |       |       |       |       |    26 ||    26

Table legend: (Time is in decaauts)
 A = Elapsed time spent in this place.
 B = Non-inter-level travel time spent in this place.
 C = Inter-level travel time spent in this place.
 D = Time resting spent in this place.
 E = Time spent auto-exploring this place.
 F = Levels seen in this place.
 G = Mean time per level.
                   A        B        C        D        E       F      G
               +--------+--------+--------+--------+--------+-----+--------+
         Total |   8028 |   7565 |    463 |      6 |      0 |  24 |  334.5 |
       Dungeon |   3261 |   3012 |    249 |      0 |      0 |  10 |  326.1 |
        Temple |      1 |      1 |      0 |      0 |      0 |   1 |    1.0 |
          Lair |   2126 |   1981 |    145 |      0 |      0 |   5 |  425.2 |
         Swamp |   1401 |   1334 |     67 |      6 |      0 |   4 |  350.2 |
     Snake Pit |    582 |    582 |      0 |      0 |      0 |   2 |  291.0 |
        Bailey |    225 |    225 |      0 |      0 |      0 |   1 |  225.0 |
      Ice Cave |    430 |    430 |      0 |      0 |      0 |   1 |  430.0 |
               +--------+--------+--------+--------+--------+-----+--------+

Top non-repeatable levels by time:
  Lair:5: 899 daAuts
 Swamp:4: 470 daAuts
   IceCv: 430 daAuts
     D:5: 414 daAuts
     D:7: 407 daAuts
 Swamp:1: 391 daAuts
     D:6: 381 daAuts
     D:4: 379 daAuts
 Snake:1: 372 daAuts
  Lair:3: 370 daAuts
     D:1: 361 daAuts
     D:3: 352 daAuts
     D:2: 345 daAuts
 Swamp:2: 321 daAuts
  Lair:2: 313 daAuts
